 Dungeon Crawl Stone Soup version 0.31-a0-521-gc7390f8997 (webtiles) character file.

Game seed: 4687300945393988193

3807663 Enfaeutchie the Wrestler (level 26, 303/303 HPs)
             Began as a Troll Hedge Wizard on Aug 8, 2023.
             Was the Champion of Jiyva.
             Escaped with the Orb
             ... and 5 runes on Aug 10, 2023!
             The game lasted 05:23:46 (54088 turns).

Enfaeutchie the Wrestler (Troll Hedge Wizard)      Turns: 54088, Time: 05:23:46

Health: 303/303    AC: 14    Str: 24    XL:     26   Next: 87%
Magic:  34/34      EV: 13    Int: 22    God:    Jiyva [******]
Gold:   2535       SH: 20    Dex: 13    Spells: 2/41 levels left

rFire   + +          .
                       - Unarmed
rCold   + . .        W - +2 kite shield {reflect}
rNeg    . . .        R - quicksilver dragon scales
rPois   +            c - +1 hat
rElec   +            F - +2 cloak {rC+}
rCorr   +            (gloves unavailable)
SInv    +            (boots unavailable)
Will    +++++        o - amulet "Seguug" {Reflect rF++ SH+5}
Stlth   +            T - ring of Demons {Int+5 Slay+4}
HPRegen 3.10/turn    U - ring of the Mage {Wiz Archmagi}
MPRegen 0.74/turn

%: reflection, wizardry (x1), archmagi
@: no status effects
A: large, unfitting armour, claws 3, regeneration 1, shaggy fur 1, tough skin 1,
horns 2, talons 2, agile 1, strong-willed 3, poison resistance, robust 2,
electricity resistance, eyeballs 3, gelatinous body 1, pseudopods 1, translucent
skin 1
0: Orb of Zot
}: 5/15 runes: barnacled, slimy, silver, abyssal, gossamer
a: Renounce Religion, Oozemancy, Slimify


You escaped.
You worshipped Jiyva.
Jiyva was exalted by your worship.
You visited 10 branches of the dungeon, and saw 52 of its levels.
You visited the Abyss 2 times.
You also visited: Gauntlet and Ice Cave.

You collected 4431 gold pieces.
You spent 1896 gold pieces at shops.

Inventory:

Missiles
 n - 7 curare-tipped darts
 D - 2 throwing nets {!f}
 K - 102 large rocks
Armour
 a - a scarf of repulsion
 c - a +1 hat (worn)
 F - a +2 cloak of cold resistance (worn)
 H - +0 fire dragon scales
 M - the +3 tower shield of Xaexzew {Will+}
   (You acquired it on level 5 of the Vaults)

   Will+:     It increases your willpower.
 R - quicksilver dragon scales (worn)
 S - +0 pearl dragon scales
 W - a +2 kite shield of reflection (worn)
Jewellery
 m - the ring of Akhe {Fly Str+2 Int+3}
   (You found it on level 1 of the Vaults)

   [ring of flight]

   Str+2:     It affects your strength (+2).
   Int+3:     It affects your intelligence (+3).
   Fly:       It grants you flight.
 o - the amulet "Seguug" (around neck) {Reflect rF++ SH+5}
   (You bought it in a shop on level 1 of the Depths)

   [amulet of reflection]

   Reflect:   It reflects blocked missile attacks.
   rF++:      It greatly protects you from fire.
   SH+5:      It affects your SH (+5).
 s - the ring of Moodiness {+Blink Fly rCorr Dex+4}
   (You found it in a Gauntlet)

   [ring of flight]

   Dex+4:     It affects your dexterity (+4).
   Fly:       It grants you flight.
   +Blink:    It lets you blink.
   rCorr:     It protects you from acid and corrosion.
 t - the ring "Sovoho" {rF+ AC+4 Str+3}
   (You took it off a minotaur in a Gauntlet)

   [ring of protection]

   AC+4:      It affects your AC (+4).
   Str+3:     It affects your strength (+3).
   rF+:       It protects you from fire.
 v - the ring of Simp {rN+ Int+6}
   (You found it in a Gauntlet)

   [ring of intelligence]

   Int+6:     It affects your intelligence (+6).
   rN+:       It protects you from negative energy.
 J - the ring of Birdsong {rC+ Will+}
   (You took it off a deep elf master archer on level 3 of the Elven Halls)

   [ring of protection from cold]

   rC+:       It protects you from cold.
   Will+:     It increases your willpower.
 T - the ring of Demons (left claw) {Int+5 Slay+4}
   (You took it off a merfolk impaler on level 3 of the Shoals)

   [ring of slaying]

   Int+5:     It affects your intelligence (+5).
   Slay+4:    It affects your accuracy & damage with ranged weapons and melee
   (+4).
 U - the ring of the Mage (right claw) {Wiz Archmagi}
   (You found it on level 3 of the Elven Halls)

   [ring of wizardry]

   Wiz:       It improves your spell success rate.
   Archmagi:  It increases the power of your magical spells.
 X - the ring "Fyzal" {rN+ Dex+3 SInv}
   (You took it off a merfolk impaler on level 4 of the Shoals)

   [ring of see invisible]

   Dex+3:     It affects your dexterity (+3).
   rN+:       It protects you from negative energy.
   SInv:      It lets you see invisible.
 Y - a +4 ring of slaying
Talismans
 i - a blade talisman
Wands
 j - a wand of roots (39)
 l - a wand of polymorph (12)
 w - a wand of paralysis (43)
 y - a wand of quicksilver (2)
 Z - a wand of mindburst (9)
Scrolls
 e - a scroll of fear
 f - 4 scrolls of teleportation
 r - 3 scrolls of fog
 z - 3 scrolls of revelation
 G - 3 scrolls of amnesia
 I - 2 scrolls of poison
 P - 4 scrolls of blinking
 V - 11 scrolls of identify
Potions
 d - 4 potions of magic
 g - a potion of invisibility
 h - 19 potions of curing
 k - 4 potions of resistance
 p - 3 potions of heal wounds
 q - 8 potions of lignification
 x - 3 potions of might
 A - 3 potions of attraction
 B - 2 potions of haste
 E - 2 potions of enlightenment
 L - a potion of cancellation
 N - 3 potions of ambrosia
 Q - 3 potions of brilliance
Miscellaneous
 b - a lightning rod (4/4)
 u - a box of beasts
 O - a phial of floods


   Skills:
 + Level 13.1 Fighting
 - Level 1.7 Throwing
 - Level 6.0 Armour
 + Level 11.1 Dodging
 - Level 1.1 Stealth
 - Level 15.0 Shields
 + Level 23.2 Unarmed Combat
 - Level 8.3 Spellcasting
 - Level 11.8 Conjurations
 - Level 4.1 Hexes
 - Level 0.6 Summonings
 - Level 9.4 Necromancy
 - Level 10.0 Translocations
 - Level 13.8 Earth Magic
 - Level 10.0 Evocations
 - Level 16.4 Shapeshifting


You had 2 spell levels left.
You knew the following spells:

 Your Spells              Type           Power      Damage    Failure   Level
a - Manifold Assault      Tloc           69%        N/A       1%          4
b - Slow                  Hex            100%       N/A       1%          1
c - Blink                 Tloc           100%       N/A       1%          2
d - Borgnjor's Vile Clut  Necr/Erth      37%        N/A       1%          5
e - Leda's Liquefaction   Hex/Erth       32%        N/A       1%          4
f - Portal Projectile     Hex/Tloc       100%       N/A       1%          3
g - Passwall              Tmut/Erth      46%        N/A       1%          2
h - Animate Dead          Necr           66%        N/A       1%          4
i - Stone Arrow           Conj/Erth      100%       3d13      1%          3
j - Passage of Golubria   Tloc           69%        N/A       1%          4
k - Leda's Unmaking       Conj/Erth      39%        9d7       4%          6
l - Apportation           Tloc           100%       N/A       1%          1

Your spell library contained the following spells:

 Spells                   Type           Power      Damage    Failure   Level
 Kiss of Death            Conj/Necr      100%       2d13      1%          1
 Magic Dart               Conj           100%       1d8       1%          1
 Shock                    Conj/Air       100%       1d9       1%          1
 Lesser Beckoning         Tloc           100%       N/A       1%          2
 Static Discharge         Conj/Air       100%       2-7/arc   1%          2
 Sublimation of Blood     Necr           66%        N/A       1%          2
 Cigotuvi's Dreadful Rot  Necr/Pois/Air  68%        N/A       2%          2
 Freeze                   Ice            52%        1d6       6%          1
 Call Imp                 Summ           34%        N/A       8%          2
 Scorch                   Fire           26%        2d6       10%         2
 Wereblood                Tmut           13%        N/A       10%         2
 Dazzling Flash           Conj/Hex       100%       N/A       1%          3
 Hailstorm                Conj/Ice       52%        3d12      1%          3
 Teleport Other           Tloc           69%        N/A       1%          3
 Vampiric Draining        Necr           66%        2d10      1%          3
 Dispel Undead            Necr           66%        3d23      1%          4
 Iskenderun's Battlesphe  Conj           75%        2d12      1%          5
 Vhi's Electric Charge    Tloc/Air       92%        N/A       2%          3
 Volatile Blastmotes      Fire/Tloc      92%        2d17      2%          3
 Confusing Touch          Hex            40%        N/A       3%          3
 Animate Armour           Summ/Erth      100%       N/A       3%          4
 Petrify                  Tmut/Erth      56%        N/A       3%          4
 Mephitic Cloud           Conj/Pois/Air  39%        N/A       4%          3
 Flame Wave               Conj/Fire      52%        2d13      6%          4
 Sticky Flame             Conj/Fire      52%        2d7       6%          4
 Inner Flame              Hex/Fire       27%        N/A       9%          3
 Call Canine Familiar     Summ           17%        N/A       16%         3
 Fireball                 Conj/Fire      26%        3d12      16%         5
 Irradiate                Conj/Tmut      26%        3d20      16%         5
 Ignite Poison            Fire/Tmut/Pois 13%        N/A       19%         3
 Ozocubu's Armour         Ice            13%        N/A       19%         3
 Swiftness                Air            13%        N/A       19%         3
 Summon Forest            Summ/Tloc      24%        N/A       21%         5
 Death Channel            Necr           33%        N/A       21%         6
 Orb of Destruction       Conj           37%        9d11      38%         7
 Summon Ice Beast         Ice/Summ       15%        N/A       45%         4
 Summon Lightning Spire   Summ/Air       15%        N/A       45%         4
 Airstrike                Air            6%         2d(1-17)  50%         4
 Olgreb's Toxic Radiance  Pois           13%        N/A       50%         4
 Silence                  Hex/Air        13%        N/A       56%         5
 Conjure Ball Lightning   Conj/Air       26%        3x3d7     61%         6
 Starburst                Conj/Fire      26%        6d8       61%         6
 Simulacrum               Ice/Necr       22%        N/A       77%         6
 Alistair's Intoxication  Tmut/Pois      8%         N/A       83%         5
 Lehudib's Crystal Spear  Conj/Erth      39%        10d10     88%         8
 Spellforged Servitor     Conj/Summ      26%        N/A       98%         7
 Summon Cactus Giant      Summ           8%         N/A       99%         6
 Malign Gateway           Summ/Tloc      24%        N/A       99%         7
 Disjunction              Tloc           34%        N/A       99%         8
 Eringya's Noxious Bog    Tmut/Pois      6%         4d6       100%        6
 Plasma Beam              Fire/Air       6%         2x1d17    100%        6
 Ozocubu's Refrigeration  Ice            6%         4d8       100%        7
 Summon Hydra             Summ           8%         N/A       100%        7
 Discord                  Hex            20%        N/A       100%        8
 Ignition                 Fire           6%         3d4       100%        8
 Maxwell's Capacitive Co  Air            6%         ∞         100%        8
 Summon Horrible Things   Summ           8%         N/A       100%        8
 Chain Lightning          Conj/Air       26%        3d34      100%        9
 Dragon's Call            Summ           8%         N/A       100%        9
 Fire Storm               Conj/Fire      26%        8d7       100%        9
 Polar Vortex             Ice            6%         N/A       100%        9
 Shatter                  Erth           40%        3d32*     100%        9


Dungeon Overview and Level Annotations

Branches:
Dungeon (15/15)            Temple (0/1) D:7            Lair (5/5) D:10
 Shoals (4/4) Lair:3       Spider (4/4) Lair:2        Slime (5/5) Lair:4
    Orc (2/2) D:10            Elf (3/3) Orc:2        Vaults (5/5) D:14
  Crypt (0/3) Vaults:2     Depths (4/4) D:15            Zot (5/5) Depths:4
  IceCv (visited)         Gauntlet (visited)

Altars:
Cheibriados
Dithmenos
Elyvilon
Gozag
Makhleb
Nemelex Xobeh
Okawaru
Qazlal
Uskayaw
Xom
Yredelemnul
Zin
The Shining One
Jiyva

Shops:
D:9 *   D:14 (   Orc:2 :*[(   Elf:1 *   Elf:2 (   Elf:3 =   Vaults:1 =
Depths:1 :=:*

Portals:
Hell: Depths:1 Depths:2 Depths:3 Depths:4
Abyss: Depths:3
Pandemonium: Depths:2
Ziggurat: Depths:2

Annotations:
D:5 3 runed translucent doors, Zappman123's ghost, novice MfSh
Shoals:2 Ilsuiw
Slime:4 Dissolution
Slime:5 Royal Jelly
Orc:1 1 exclusion
Elf:2 3 runed translucent doors


Innate Abilities, Weirdness & Mutations

You are too large for most types of armour.
You have claws for hands.
Your natural rate of healing is unusually fast.
You are covered in fur. (AC +1)
You have tough skin. (AC +1)
You have a pair of horns on your head.
You have razor-sharp toenails.
You are agile. (Dex +4, Str/Int -1)
You are extremely strong-willed. (Will+++)
Your system is resistant to poisons. (rPois)
You are very robust. (+20% HP)
You are resistant to electric shocks. (rElec)
Your body is covered in eyes which may confuse attackers. (Acc +7, SInv)
Your rubbery body absorbs attacks. (AC +1, EV +1)
Armour fits poorly on your pseudopods.
Your translucent skin slightly reduces your foes' accuracy. (Stealth+)


Message History

There is a stone staircase leading down here.
Magic restored.
You hear a distant slurping noise.
There is a stone staircase leading up here.
You climb upwards.
There is a stone staircase leading down here.
What level of the Dungeon? (default 1, ? - help)
Okay, then.
A smoke demon comes into view.
You claw the smoke demon! You claw the smoke demon.
You headbutt the smoke demon!
The smoke demon is heavily wounded.
You eviscerate the smoke demon!!!
You kill the smoke demon!
What level of the Dungeon? (default 1, ? - help) You're already here!
An Orb Guardian comes into view.
Unknown command.
You feel a surge of power!
Space momentarily warps into an impossible shape!
You eviscerate the Orb Guardian!!!
You feel a surge of power!
Space momentarily warps into an impossible shape!
You closely miss the Orb Guardian. You miss the Orb Guardian.
You claw the Orb Guardian, but do no damage.
You headbutt the Orb Guardian, but do no damage.
The Orb Guardian is heavily wounded.
The Orb Guardian barely misses you.
You claw the Orb Guardian!
You claw the Orb Guardian, but do no damage.
Your bludgeon misses the Orb Guardian.
The Orb Guardian is severely wounded.
You block the Orb Guardian's attack.
You eviscerate the Orb Guardian!!!
You kill the Orb Guardian!
You can't go up here!
There is a staircase leading out of the dungeon here.
Magic restored.
You have escaped!

##########################.....##
#........## ##.........
+.........# ######### #..........
#.........###...8...###........##
##'####...##..8...8..##..........
##'####...#8.........8#.....J####
#............8.....8.............
#.........#8.........8#..........
'.........##..8.@.8..##......####
#.........###...8...###..........
#.........# ######### #..........
#........## ##.........
####...###################...####
.................................
#.###...#.###.#...##...#.........
#.......#........................
#.###.#.#..##.....##.............


There were no monsters in sight!

Vanquished Creatures
  6 dread liches
  2 ancient liches
  4 orbs of fire
  The ghost of runemage the Bringer of Light, a legendary GnFi of the Shining One (Zot:4)
  Sojobo (Depths:3)
  Boris (Depths:4)
  The ghost of Juzit the Bludgeoner, a legendary GnFi of Cheibriados (Zot:3)
  The ghost of vanad92 the Archmage, a veteran DEFE of Vehumet (Zot:4)
  4 Killer Klowns
  4 curse toes
  Xtahua (Depths:4)
  6 golden dragons
  A profane servitor (D:5)
  Norris (Elf:1)
  Jorgrun (Elf:2)
  3 electric golems
  2 walking crystal tomes
  An Ice Fiend (Zot:3)
  18 tentacled monstrosities
  Mlioglotl (Shoals:4)
  2 liches
  22 Orb Guardians
  2 walking earthen tomes
  4 deep elf blademasters (Elf:3)
  Polyphemus (Shoals:4)
  6 titans
  13 quicksilver dragons
  4 deep elf master archers (Elf:3)
  2 krakens
  5 sphinxes
  2 tentacled starspawn
  12 death cobs
  Agnes (Spider:3)
  18 storm dragons
  Kirke (D:13)
  10 shadow dragons
  13 tengu reavers
  Donald (Shoals:4)
  4 draconian monks
  The ghost of Oschuudiff the Devastator, an adept DsWn of Vehumet (Spider:4)
  5 iron dragons
  7 draconian knights
  12 fire giants
  15 vault wardens
  9 deep elf sorcerers
  5 ghost moths
  An emperor scorpion (Spider:3)
  13 frost giants
  3 deep elf elementalists
  A ghoul (Vaults:2)
  5 draconian scorchers
  A balrug (Depths:3)
  5 draconian shifters
  An orc warlord (Orc:2)
  8 spriggan defenders
  3 broodmothers (Spider:4)
  14 very ugly things
  20 ironbound preservers
  An angel (Shoals:4)
  6 draconian annihilators
  3 war gargoyles
  14 stone giants
  9 draconian stormcallers
  2 cacodemons
  11 green draconians
  6 ironbound thunderhulks
  11 black draconians
  2 vampire knights
  An apis (Shoals:4)
  3 deep elf demonologists
  10 white draconians
  9 red draconians
  4 dire elephants
  A minotaur (Gauntlet)
  17 spark wasps
  Azrael (D:13)
  21 purple draconians
  8 yellow draconians
  7 deep elf annihilators
  6 merfolk javelineers
  10 deep elf death magi
  5 deep elf high priests
  14 fire dragons
  A crystal guardian (Vaults:2)
  20 merfolk impalers
  8 ettins
  10 yaktaur captains
  Josephine (Lair:3)
  A spriggan zombie (Depths:1)
  4 jiangshi
  8 entropy weavers
  12 ice dragons
  5 rakshasas
  5 jorogumos
  35 vault guards
  5 hydras
  5 spriggan air magi
  3 peacekeepers
  3 ogre magi
  3 catoblepae
  10 ironbound frosthearts
  3 merfolk avatars
  2 death knights
  8 centaur warriors
  4 radroaches
  11 boulder beetles
  2 alligator snapping turtles (Shoals:2)
  17 dancing weapons
  A satyr (Shoals:2)
  11 two-headed ogres
  6 merfolk aquamancers
  5 deep troll shamans
  6 tengu warriors
  6 vampire magi
  12 deep troll earth magi
  5 death yaks
  4 orc high priests (Orc:2)
  8 spriggan berserkers
  2 thrashing horrors (Gauntlet)
  19 deep elf knights
  7 demonic crawlers
  12 hell knights
  3 sun demons
  7 skysharks
  Amaemon (Lair:1)
  A shadow wraith (Vaults:4)
  A wretched star (Abyss:4)
  A golden dragon zombie (Depths:1)
  5 iron trolls
  2 sun moths
  6 pharaoh ants
  2 cherubim (Shoals:4)
  4 sea snakes
  A bog body (IceCv)
  11 orb spiders
  A flayed ghost (Depths:1)
  7 harpies
  19 deep elf archers
  14 ironbound convokers
  25 deep elf zephyrmancers
  3 orc knights (Orc:2)
  51 deep trolls
  6 wizards
  10 necromancers
  Pikel (D:8)
  9 phantasmal warriors
  5 lindwurms
  45 deep elf pyromancers
  10 wolf spiders
  A mana viper (Abyss:4)
  23 ugly things
  4 steelbarb worms
  6 orc sorcerers
  18 manticores
  An oklob plant (Lair:5)
  8 fauns
  13 cyclopes
  22 moths of wrath
  A frost giant skeleton (Vaults:4)
  A fire giant skeleton (Depths:1)
  16 elephants
  A black mamba (shapeshifter) (Abyss:2)
  3 black mambas (Lair:5)
  6 merfolk sirens
  16 vault sentinels
  3 water nymphs
  An apocalypse crab (Shoals:3)
  4 smoke demons
  3 orange demons
  2 hellions (Zot:3)
  An ice statue (IceCv)
  A gargoyle (D:12)
  A guardian serpent (Abyss:4)
  3 unseen horrors
  Psyche (D:9)
  A dire elephant skeleton (Abyss:2)
  2 kobold demonologists (D:12)
  9 cane toads
  8 torpor snails
  A rime drake (Lair:2)
  2 freezing wraiths
  9 komodo dragons
  2 ice devils
  A tengu conjurer (Depths:3)
  3 efreet
  26 yaktaurs
  An anaconda simulacrum (IceCv)
  3 large abominations
  13 trolls
  A queen bee (D:13)
  13 merfolk
  5 polar bears
  16 tarantellas
  A wolf spider simulacrum (D:12)
  A raiju (Abyss:4)
  3 wind drakes
  11 hornets
  8 meliai
  8 dream sheep
  3 merfolk zombies
  2 ettin zombies
  18 blink frogs
  25 jumping spiders
  12 snapping turtles
  2 vampires (D:12)
  14 culicivoras
  11 water elementals
  20 spriggans
  4 shadows
  7 fire elementals
  A spriggan (shapeshifter) (D:12)
  5 air elementals
  A hog (D:13)
  68 yaks
  A fire bat (Abyss:4)
  4 wyverns
  7 wraiths
  10 basilisks
  41 redbacks
  2 humans (D:13)
  5 small abominations
  2 death yak simulacra (IceCv)
  A neqoxec (Abyss:4)
  A steam dragon (D:7)
  6 vampire mosquitoes
  A chaos spawn (Abyss:4)
  4 wargs
  2 hydra simulacra (IceCv)
  A glowing shapeshifter skeleton (Depths:1)
  2 acid dragons
  13 water moccasins
  4 hell hounds (D:13)
  28 orc warriors
  A sky beast (D:7)
  5 human zombies
  A manticore zombie (Shoals:4)
  5 boggarts
  12 ogres
  7 black bears
  A lemure (D:8)
  9 centaurs
  29 wolves
  2 kobold brigands (D:10)
  8 bullfrogs
  A glowing shapeshifter simulacrum (Depths:1)
  A gnoll sergeant (D:8)
  4 scorpions
  5 two-headed ogre simulacra (IceCv)
  A cane toad simulacrum (IceCv)
  2 earth elementals (Elf:3)
  9 wights
  7 elephant simulacra
  31 killer bees
  A vampire bat (Abyss:4)
  2 howler monkeys
  7 electric eels
  A basilisk zombie (D:14)
  A quasit (Abyss:4)
  7 hounds
  16 orc priests
  3 gnoll boudas
  7 starcursed masses (Abyss:4)
  2 iguanas (D:5)
  32 orc wizards
  A polar bear simulacrum (D:12)
  7 spriggan simulacra
  5 troll simulacra (IceCv)
  4 wolf simulacra
  Robin (D:3)
  21 gnolls
  8 adders
  6 naga simulacra
  A shadow imp (D:7)
  3 white imps
  6 ufetubi
  A worm (D:2)
  3 dart slugs
  65 orcs
  5 ball pythons
  2 bats (D:3)
  An endoplasm (D:1)
  3 giant cockroaches
  12 goblins
  6 hobgoblins
  10 jackals
  2 quokkas
  4 frilled lizards
  4 kobolds
  4 rats
  A creeping inferno (Zot:3)
  3 tentacles (Shoals:4)
2080 creatures vanquished.

Vanquished Creatures (collateral kills)
  2 juggernauts (Depths:3)
  2 golden dragons
  the Enchantress (Depths:1)
  2 tentacled monstrosities
  6 Orb Guardians (Zot:5)
  A quicksilver dragon (Zot:5)
  A titan (Depths:3)
  3 death cobs
  A tengu reaver (Depths:3)
  A sphinx (Vaults:5)
  3 shadow dragons
  A storm dragon (Zot:5)
  An iron dragon (Depths:3)
  2 fire giants
  A frost giant (Vaults:5)
  A draconian shifter (Zot:5)
  2 draconian scorchers (Zot:5)
  Louise (Spider:4)
  2 vault wardens
  A draconian annihilator (Depths:4)
  A broodmother (Spider:4)
  A spriggan defender (Depths:3)
  An ironbound thunderhulk (Vaults:4)
  3 ironbound preservers
  A stone giant (Vaults:2)
  2 green draconians (Zot:2)
  2 very ugly things
  2 red draconians (Zot:5)
  A dire elephant (Vaults:1)
  3 white draconians
  4 purple draconians
  A yellow draconian (Zot:2)
  7 spark wasps
  A merfolk impaler (Shoals:3)
  A deep elf death mage (Vaults:5)
  A merfolk javelineer (Shoals:4)
  2 yaktaur captains
  4 ettins
  An entropy weaver (Vaults:4)
  A jiangshi (Depths:3)
  5 vault guards
  3 ice dragons
  2 ironbound frosthearts
  2 spriggan air magi (Depths:3)
  A centaur warrior (D:14)
  2 jorogumos (Spider:4)
  2 two-headed ogres
  An ogre mage (Vaults:5)
  A tengu warrior (Depths:3)
  A death yak (D:14)
  2 deep troll shamans
  A spriggan berserker (Depths:1)
  2 hell knights (Depths:3)
  An iron troll (Depths:1)
  7 sea snakes
  9 deep trolls
  A flayed ghost (Depths:2)
  A pharaoh ant (Spider:4)
  3 orb spiders (Spider:4)
  3 lindwurms
  A wizard (Vaults:2)
  2 steelbarb worms
  3 ironbound convokers
  2 harpies
  3 wolf spiders (Spider:4)
  2 necromancers
  2 fauns (Shoals:2)
  5 manticores
  2 cyclopes
  3 ugly things (D:15)
  4 moths of wrath
  6 vault sentinels
  2 merfolk sirens
  Maggie (D:9)
  2 torpor snails
  5 yaktaurs
  A tormentor (Abyss:4)
  A freezing wraith (D:15)
  11 merfolk
  A wind drake (Shoals:4)
  A tarantella (shapeshifter) (D:15)
  2 dream sheep (Lair:5)
  3 tarantellas (Spider:4)
  2 snapping turtles
  3 culicivoras (Spider:4)
  3 jumping spiders (Spider:4)
  3 water elementals
  3 yaks
  A steam dragon (D:8)
  2 redbacks (Spider:4)
  An ogre (Vaults:5)
  A wight (D:9)
  4 starcursed masses (Abyss:4)
213 creatures vanquished.

Vanquished Creatures (others)
  2 liches (Depths:2)
  An eldritch tentacle (Abyss:4)
  An acid blob (Zot:4)
  A quicksilver dragon (Zot:2)
  3 vault wardens
  A juggernaut zombie (Depths:3)
  2 ironbound preservers (Vaults:2)
  3 formless jellyfish
  A stone giant (Depths:2)
  3 very ugly thing zombies (Depths:4)
  A jiangshi (Depths:3)
  8 great orbs of eyes
  A spriggan air mage (Depths:2)
  5 Orb Guardian zombies (Zot:5)
  2 centaur warriors
  2 ironbound frosthearts (Vaults:2)
  A deep troll earth mage (Depths:2)
  A deep elf knight (Elf:2)
  10 storm dragon zombies
  An iron troll (shapeshifter) (Vaults:5)
  5 spark wasp zombies (Depths:1)
  An iron troll (Depths:3)
  3 ogre zombies
  6 glowing orange brains
  5 golden dragon zombies
  2 ghost moth zombies
  A deep troll (Depths:1)
  A deep troll (shapeshifter) (Vaults:5)
  3 shadow dragon zombies
  A phantasmal warrior (Vaults:5)
  A wizard (Vaults:2)
  2 ironbound convokers
  7 tengu zombies
  A wolf spider zombie (Spider:4)
  A steelbarb worm (shapeshifter) (Depths:2)
  A lindwurm (Vaults:2)
  3 deep elf zephyrmancers (Elf:1)
  A wolf spider (shapeshifter) (Vaults:5)
  2 iron dragon zombies
  5 frost giant zombies (Vaults:5)
  An apis zombie (Shoals:4)
  4 ugly thing zombies
  A broodmother zombie (Spider:4)
  A deep elf pyromancer (Elf:1)
  A manticore (shapeshifter) (Vaults:5)
  2 stone giant zombies
  6 fire giant zombies
  A shining eye (Abyss:4)
  A moth of wrath (shapeshifter) (Depths:3)
  9 draconian zombies
  2 jorogumo zombies (Spider:4)
  An ugly thing (Gauntlet)
  A moth of wrath (Zot:1)
  A vault sentinel (Vaults:1)
  3 merfolk sirens
  A water nymph (shapeshifter) (Depths:2)
  A catoblepas zombie (D:14)
  3 death yak zombies (Shoals:4)
  A steelbarb worm zombie (Spider:4)
  A rime drake (shapeshifter) (Depths:3)
  5 black draconian zombies
  A yaktaur (Vaults:3)
  3 elf zombies
  3 yellow draconian zombies
  A green draconian zombie (Zot:2)
  A red draconian zombie (Zot:2)
  A white draconian zombie (Zot:1)
  9 redback zombies
  5 purple draconian zombies
  A sea snake zombie (Shoals:3)
  An iron troll zombie (Depths:3)
  4 orb spider zombies
  44 human zombies
  7 harpy zombies
  11 moth of wrath zombies
  9 spriggan zombies
  A tarantella (Spider:1)
  2 culicivora zombies (Spider:4)
  7 tarantella zombies
  A meliai zombie (Spider:4)
  5 ice dragon zombies
  A dream sheep (Shoals:4)
  4 fire dragon zombies
  A satyr zombie (Shoals:2)
  23 slime creatures
  4 ettin zombies
  5 jumping spider zombies
  A shadow (D:12)
  A slime creature (shapeshifter) (Depths:3)
  A human (shapeshifter) (Depths:3)
  A redback (shapeshifter) (Vaults:3)
  A steam dragon (D:6)
  16 deep troll zombies
  7 merfolk zombies
  2 entropy weaver zombies
  A water moccasin (Lair:4)
  A two-headed ogre zombie (Vaults:5)
  A floating eye (Depths:2)
  2 orc warriors
  An ice beast (shapeshifter) (Abyss:4)
  2 lindwurm zombies
  3 blink frog zombies (Abyss:4)
  4 manticore zombies
  2 hornet zombies (Depths:3)
  4 centaurs
  A torpor snail zombie (Spider:4)
  2 phantoms
  3 bullfrogs
  14 yaktaur zombies
  A cyclops zombie (Shoals:4)
  A scorpion (D:4)
  362 jellies
  3 killer bees
  A yak zombie (Shoals:4)
  An electric eel (D:10)
  2 howler monkeys (D:11)
  A basilisk zombie (D:14)
  An orc priest (D:5)
  3 hounds
  A sleepcap (D:6)
  An iguana (D:6)
  3 orc wizards
  3 adders
  2 white imps
  2 ufetubi (IceCv)
  A worm (shapeshifter) (Vaults:5)
  14 orcs
  A bat (D:2)
  A goblin (D:4)
  A hobgoblin (D:4)
  A quokka (D:4)
  3 ball pythons
  2 frilled lizards (D:1)
  A rat (D:2)
  3 starspawn tentacles (Elf:3)
  16 tentacles
807 creatures vanquished.

Grand Total: 3100 creatures vanquished

Notes
Turn   | Place    | Note
-------+----------+-------------------------------------------
     0 | D:1      | Enfaeutchie the Troll Hedge Wizard began the quest for the
                  | Orb.
     0 | D:1      | Reached XP level 1. HP: 16/16 MP: 2/2
    17 | D:1      | Learned a level 1 spell: Slow
   168 | D:1      | Reached skill level 1 in Unarmed Combat
   190 | D:1      | Found a faded altar of an unknown god.
   190 | D:1      | Noticed a ynoxinul
   205 | D:1      | Prayed at the altar of an unknown god.
   205 | D:1      | Became a worshipper of Jiyva Junkuenu the Shapeless
   205 | D:1      | Reached * piety under Jiyva
   244 | D:1      | Reached XP level 2. HP: 22/24 MP: 4/4
   247 | D:1      | Learned a level 2 spell: Blink
   320 | D:1      | Reached skill level 2 in Unarmed Combat
   719 | D:2      | Reached XP level 3. HP: 31/31 MP: 5/5
   786 | D:2      | Reached ** piety under Jiyva
   833 | D:2      | Reached skill level 3 in Unarmed Combat
   888 | D:2      | Identified the +6 whip of Arbitration {freeze, rPois Str+3
                  | Dex+4}
   949 | D:2      | Found a burning altar of Makhleb.
  1378 | D:3      | Reached *** piety under Jiyva
  1432 | D:3      | Reached XP level 4. HP: 35/39 MP: 6/6
  1544 | D:3      | Noticed Robin
  1555 | D:3      | Killed Robin
  1556 | D:3      | Reached skill level 4 in Unarmed Combat
  2030 | D:4      | Gained mutation: You are somewhat resistant to further
                  | mutation. [Jiyva's grace]
  2030 | D:4      | Gained mutation: You are somewhat resistant to both further
                  | mutation and mutation removal. [Jiyva's grace]
  2030 | D:4      | Gained mutation: You are almost entirely resistant to
                  | further mutation and mutation removal. [Jiyva's grace]
  2030 | D:4      | Gained mutation: You are strong-willed. (Will+) [Jiyva's
                  | grace]
  2156 | D:4      | Reached XP level 5. HP: 43/45 MP: 7/7
  2206 | D:4      | Found a burning altar of Makhleb.
  2213 | D:4      | Reached skill level 5 in Unarmed Combat
  2257 | D:4      | Reached **** piety under Jiyva
  2455 | D:4      | Found a stormy altar of Qazlal.
  2514 | D:5      | Entered Level 5 of the Dungeon
  2514 | D:5      | Noticed a black bear
  2514 | D:5      | Noticed a phantom
  2567 | D:5      | Killed a phantom
  2569 | D:5      | Reached skill level 6 in Unarmed Combat
  2569 | D:5      | Reached XP level 6. HP: 45/53 MP: 8/8
  2670 | D:5      | Reached skill level 7 in Unarmed Combat
  2693 | D:5      | Found a runed translucent gate.
  2694 | D:5      | Found a runed translucent gate.
  2697 | D:5      | Found a runed translucent gate.
  2697 | D:5      | Noticed Zappman123's ghost (novice MfSh)
  2698 | D:5      | Identified the +9 whip "Timi" {flame, rCorr}
  2732 | D:5      | Reached XP level 7. HP: 38/59 MP: 9/9
  2866 | D:5      | Reached ***** piety under Jiyva
  3005 | D:5      | Found a glowing golden altar of the Shining One.
  3102 | D:6      | Found a hide-covered altar of Uskayaw.
  3105 | D:6      | Found a snail-covered altar of Cheibriados.
  3202 | D:6      | Reached skill level 8 in Unarmed Combat
  3207 | D:6      | Killed a steam dragon
  3279 | D:6      | Found an iron altar of Okawaru.
  3401 | D:6      | Reached skill level 9 in Unarmed Combat
  3629 | D:7      | Gained mutation: Your system is resistant to poisons.
                  | (rPois) [Jiyva's grace]
  3629 | D:7      | Gained mutation: You passively map a small area around you.
                  | [Jiyva's grace]
  3629 | D:7      | Gained mutation: You passively map the area around you.
                  | [Jiyva's grace]
  3629 | D:7      | Gained mutation: You passively map a large area around you.
                  | [Jiyva's grace]
  3644 | D:7      | Reached XP level 8. HP: 59/67 MP: 10/10
  3733 | D:7      | Reached skill level 10 in Unarmed Combat
  4062 | D:7      | Reached skill level 1 in Shapeshifting
  4151 | D:7      | Found a staircase to the Ecumenical Temple.
  4501 | D:8      | Reached ****** piety under Jiyva
  4529 | D:8      | Noticed Pikel
  4535 | D:8      | Killed Pikel
  4536 | D:8      | Reached skill level 11 in Unarmed Combat
  4536 | D:8      | Reached XP level 9. HP: 74/74 MP: 8/11
  4596 | D:8      | Found a shadowy altar of Dithmenos.
  4670 | D:8      | Reached skill level 5 in Shapeshifting
  5018 | D:9      | Found Teixeany's Serpentskin Sales.
  5132 | D:9      | Noticed Psyche
  5142 | D:9      | Killed Psyche
  5163 | D:9      | Reached XP level 10. HP: 60/81 MP: 12/12
  5205 | D:9      | Noticed Maggie
  5213 | D:9      | Killed Maggie
  5274 | D:9      | Noticed a two-headed ogre
  5284 | D:9      | Killed a two-headed ogre
  5285 | D:9      | Reached skill level 1 in Fighting
  5302 | D:9      | Found an opulent altar of Gozag.
  5316 | D:9      | Found an opulent altar of Gozag.
  5316 | D:9      | Found an opulent altar of Gozag.
  5321 | D:9      | Found an opulent altar of Gozag.
  5394 | D:9      | Noticed a two-headed ogre
  5408 | D:9      | Killed a two-headed ogre
  5415 | D:9      | Found a basalt altar of Yredelemnul.
  5464 | D:9      | Lost mutation: You are almost entirely resistant to further
                  | mutation and mutation removal. [Jiyva's grace]
  5464 | D:9      | Lost mutation: You are somewhat resistant to both further
                  | mutation and mutation removal. [Jiyva's grace]
  5464 | D:9      | Lost mutation: You passively map a large area around you.
                  | [Jiyva's grace]
  5464 | D:9      | Gained mutation: You are agile. (Dex +4, Str/Int -1)
                  | [Jiyva's grace]
  5464 | D:9      | Gained mutation: You are very agile. (Dex +8, Str/Int -2)
                  | [Jiyva's grace]
  5464 | D:9      | Gained mutation: Your muscles are strong. (Str +4, Int/Dex
                  | -1) [Jiyva's grace]
  5464 | D:9      | Gained mutation: Your muscles are very strong. (Str +8,
                  | Int/Dex -2) [Jiyva's grace]
  5626 | D:10     | Entered Level 10 of the Dungeon
  5858 | D:9      | Bought 4 curare-tipped darts for 57 gold pieces
  5858 | D:9      | Bought 2 curare-tipped darts for 28 gold pieces
  6394 | D:10     | Found a staircase to the Lair.
  6529 | D:10     | Found a shimmering altar of Xom.
  6578 | D:10     | Found a staircase to the Orcish Mines.
  6588 | D:10     | Reached XP level 11. HP: 100/100 MP: 13/13
  6596 | D:10     | Reached skill level 5 in Dodging
  7037 | D:11     | Reached skill level 5 in Fighting
  7200 | D:11     | Lost mutation: You are somewhat resistant to further
                  | mutation. [Jiyva's grace]
  7200 | D:11     | Lost mutation: You passively map the area around you.
                  | [Jiyva's grace]
  7200 | D:11     | Gained mutation: You are highly strong-willed. (Will++)
                  | [Jiyva's grace]
  7200 | D:11     | Gained mutation: You are extremely strong-willed. (Will+++)
                  | [Jiyva's grace]
  7200 | D:11     | Gained mutation: You are covered in slimy tendrils that may
                  | disarm your opponents. [Jiyva's grace]
  7200 | D:11     | Gained mutation: You are partially covered in iridescent
                  | scales. (AC +2) [Jiyva's grace]
  7308 | D:11     | Noticed a boulder beetle
  7342 | D:11     | Killed a boulder beetle
  7547 | Lair:1   | Entered Level 1 of the Lair of Beasts
  8397 | Lair:1   | Noticed Amaemon
  8410 | Lair:1   | Killed Amaemon
  8411 | Lair:1   | Reached XP level 12. HP: 118/118 MP: 14/14
  8429 | Lair:1   | Reached skill level 12 in Unarmed Combat
  8770 | Lair:2   | Found a hole to the Spider Nest.
  8939 | Lair:2   | Found a gate leading to a gauntlet.
  8951 | Gauntlet | Entered a Gauntlet
  8951 | Gauntlet | Noticed a death yak
  8951 | Gauntlet | Noticed a death yak
  8951 | Gauntlet | Found a transporter.
  8960 | Gauntlet | Found a transporter.
  8972 | Gauntlet | Found a transporter.
  8976 | Gauntlet | Found a transporter.
  8986 | Gauntlet | Found a transporter.
  9006 | Gauntlet | Found a transporter.
  9017 | Gauntlet | Found the +3 pair of mountain boots {steadfast, rC+}
  9017 | Gauntlet | Noticed a great orb of eyes
  9019 | Gauntlet | Found a transporter.
  9039 | Gauntlet | Found a transporter.
  9043 | Gauntlet | Found a transporter.
  9044 | Gauntlet | Found a runed translucent door.
  9052 | Gauntlet | Found a transporter.
  9062 | Gauntlet | Noticed a death yak
  9062 | Gauntlet | Noticed a death yak
  9076 | Gauntlet | Found a transporter.
  9108 | Gauntlet | Found a transporter.
  9109 | Gauntlet | Lost mutation: You are partially covered in iridescent
                  | scales. (AC +2) [Jiyva's grace]
  9109 | Gauntlet | Lost mutation: Your muscles are very strong. (Str +8,
                  | Int/Dex -2) [Jiyva's grace]
  9109 | Gauntlet | Lost mutation: You are covered in slimy tendrils that may
                  | disarm your opponents. [Jiyva's grace]
  9109 | Gauntlet | Gained mutation: Your translucent skin slightly reduces
                  | your foes' accuracy. (Stealth+) [Jiyva's grace]
  9109 | Gauntlet | Gained mutation: Your translucent skin reduces your foes'
                  | accuracy. (Stealth+) [Jiyva's grace]
  9109 | Gauntlet | Gained mutation: Your transparent skin significantly
                  | reduces your foes' accuracy. (Stealth+) [Jiyva's grace]
  9109 | Gauntlet | Gained mutation: Your body has grown eyes which may confuse
                  | attackers. (Acc +3) [Jiyva's grace]
  9275 | Gauntlet | Reached skill level 13 in Unarmed Combat
  9374 | Gauntlet | Identified the ring of Moodiness {+Blink Fly rCorr Dex+4}
  9398 | Gauntlet | Identified the ring "Sovoho" {rF+ AC+4 Str+3}
  9398 | Gauntlet | Noticed a minotaur
  9417 | Gauntlet | Killed a minotaur
  9425 | Gauntlet | Identified the ring of Simp {rN+ Int+6}
  9648 | Lair:2   | Reached skill level 14 in Unarmed Combat
 10041 | Lair:3   | Reached skill level 15 in Unarmed Combat
 10245 | Lair:3   | Reached XP level 13. HP: 118/124 MP: 15/15
 10482 | Lair:3   | Noticed Josephine
 10495 | Lair:3   | Reached skill level 16 in Unarmed Combat
 10510 | Lair:3   | Killed Josephine
 10511 | Lair:3   | Reached skill level 1 in Evocations
 10688 | Lair:3   | Found a staircase to the Shoals.
 11269 | Lair:4   | You fall into a shaft and drop 1 floor!
 11269 | Lair:5   | Entered Level 5 of the Lair of Beasts
 11269 | Lair:5   | Lost mutation: You are very agile. (Dex +8, Str/Int -2)
                  | [Jiyva's grace]
 11269 | Lair:5   | Lost mutation: You are extremely strong-willed. (Will+++)
                  | [Jiyva's grace]
 11269 | Lair:5   | Gained mutation: Your melee attacks may engulf your foes in
                  | ooze. [Jiyva's grace]
 11269 | Lair:5   | Gained mutation: You are somewhat resistant to further
                  | mutation. [Jiyva's grace]
 11269 | Lair:5   | Gained mutation: You are somewhat resistant to both further
                  | mutation and mutation removal. [Jiyva's grace]
 11269 | Lair:5   | Gained mutation: You are almost entirely resistant to
                  | further mutation and mutation removal. [Jiyva's grace]
 11512 | Lair:4   | Found a staircase to the Slime Pits.
 11512 | Lair:4   | Found a viscous altar of Jiyva.
 11521 | Slime:1  | Entered Level 1 of the Pits of Slime
 11521 | Slime:1  | Noticed an azure jelly
 11521 | Slime:1  | Noticed a rockslime
 11527 | Slime:2  | Noticed an acid blob
 11543 | Slime:4  | Noticed Dissolution
 11543 | Slime:4  | Noticed an acid blob
 11549 | Slime:4  | Noticed a quicksilver ooze
 11572 | Slime:4  | Noticed an acid blob
 11573 | Slime:4  | Noticed a quicksilver ooze
 11676 | Slime:5  | Entered Level 5 of the Pits of Slime
 11701 | Slime:5  | Noticed a rockslime
 11719 | Slime:5  | Noticed an azure jelly
 11725 | Slime:5  | Noticed an acid blob
 11732 | Slime:5  | Noticed a quicksilver ooze
 11735 | Slime:5  | Noticed an azure jelly
 11751 | Slime:5  | Noticed a rockslime
 11752 | Slime:5  | Noticed the Royal Jelly
 11756 | Slime:5  | Noticed an acid blob
 11762 | Slime:5  | Found a viscous altar of Jiyva.
 11766 | Slime:5  | Noticed an acid blob
 11776 | Slime:5  | Identified the amulet "Naybok" {Acrobat Int+5}
 11781 | Slime:5  | Got the Folio of Translocated Degeneration
 11785 | Slime:5  | Got a slimy rune of Zot
 11786 | Slime:5  | Identified the +4 quarterstaff "Gecziosa" {freeze, rElec
                  | rPois}
 11791 | Slime:5  | Identified the +1 halberd of Zoabbuj {freeze, rC+ Dex+2}
 11827 | Slime:5  | Noticed an acid blob
 11837 | Slime:5  | Noticed a rockslime
 11840 | Slime:5  | Noticed a quicksilver ooze
 11842 | Slime:5  | Noticed a quicksilver ooze
 11853 | Slime:5  | Noticed an acid blob
 11870 | Slime:5  | Noticed an acid blob
 11885 | Slime:5  | Noticed an acid blob
 11900 | Slime:5  | Noticed a quicksilver ooze
 11905 | Slime:5  | Noticed an acid blob
 12097 | Slime:2  | Noticed a quicksilver ooze
 12513 | Lair:5   | Reached skill level 5 in Evocations
 13205 | Lair:5   | Reached XP level 14. HP: 131/136 MP: 16/16
 13355 | Lair:5   | Reached skill level 1 in Translocations
 13577 | Lair:5   | Identified the +6 flail "Giudiwal" {freeze, *Slow +Blink
                  | Dex+3}
 13995 | Orc:1    | Entered Level 1 of the Orcish Mines
 14219 | Orc:1    | Lost mutation: You are highly strong-willed. (Will++)
                  | [Jiyva's grace]
 14219 | Orc:1    | Lost mutation: You are almost entirely resistant to further
                  | mutation and mutation removal. [Jiyva's grace]
 14219 | Orc:1    | Lost mutation: Your transparent skin significantly reduces
                  | your foes' accuracy. (Stealth+) [Jiyva's grace]
 14219 | Orc:1    | Lost mutation: You are somewhat resistant to both further
                  | mutation and mutation removal. [Jiyva's grace]
 14219 | Orc:1    | Lost mutation: You are somewhat resistant to further
                  | mutation. [Jiyva's grace]
 14219 | Orc:1    | Gained mutation: You have hidden genetic potential.
                  | [Jiyva's grace]
 14219 | Orc:1    | Gained mutation: You have great hidden genetic potential.
                  | [Jiyva's grace]
 14219 | Orc:1    | Gained mutation: Your transparent skin significantly
                  | reduces your foes' accuracy. (Stealth+) [Jiyva's grace]
 14219 | Orc:1    | Gained mutation: You are robust. (+10% HP) [Jiyva's grace]
 14630 | Orc:2    | Entered Level 2 of the Orcish Mines
 14736 | Orc:2    | Noticed an orc warlord
 14803 | Orc:2    | Found a staircase to the Elven Halls.
 15149 | Orc:2    | Killed an orc warlord
 15224 | Orc:2    | Found Mowoelum's Antique Armour Boutique.
 15225 | Orc:2    | Found Loiczuck's Antique Weapon Shop.
 15227 | Orc:2    | Found Xulikk's General Store.
 15227 | Orc:2    | Found Ditueneh's Book Boutique.
 15484 | D:12     | Reached skill level 5 in Translocations
 15508 | D:12     | Found a frozen archway.
 15531 | IceCv    | Entered an ice cave
 15975 | IceCv    | Identified the +8 plate armour "Tezohutu" {Will+++ Str+4
                  | Int-4}
 16756 | D:12     | Reached XP level 15. HP: 159/163 MP: 15/17
 16782 | D:12     | Reached skill level 10 in Fighting
 16785 | D:12     | Reached skill level 10 in Dodging
 16903 | D:12     | Got the Directory of the Foggy Volcano
 17002 | D:12     | Identified the +6 rapier "Moipik Aming" {venom, rElec
                  | Dex+5}
 17002 | D:12     | Identified the +0 leather armour "Koihuiz" {+Blink Will+
                  | Dex+3}
 17243 | D:12     | Gained mutation: You are resistant to electric shocks.
                  | (rElec) [hidden potential]
 17364 | D:13     | Lost mutation: Your muscles are strong. (Str +4, Int/Dex
                  | -1) [Jiyva's grace]
 17364 | D:13     | Lost mutation: Your body has grown eyes which may confuse
                  | attackers. (Acc +3) [Jiyva's grace]
 17364 | D:13     | Lost mutation: Your transparent skin significantly reduces
                  | your foes' accuracy. (Stealth+) [Jiyva's grace]
 17364 | D:13     | Gained mutation: You expend magic power (3 MP) to
                  | strengthen your wands. [Jiyva's grace]
 17364 | D:13     | Gained mutation: You possess an exceptional clarity of
                  | mind. [Jiyva's grace]
 17364 | D:13     | Gained mutation: You are covered in thick fur. (AC +2)
                  | [Jiyva's grace]
 17364 | D:13     | Gained mutation: Your thick and shaggy fur keeps you warm.
                  | (AC +3, rC+) [Jiyva's grace]
 17485 | D:13     | Noticed Kirke
 17494 | D:13     | Killed Kirke
 17503 | D:13     | Identified the +0 chain mail of Pandemonium {Str+3}
 17512 | D:13     | Noticed Azrael
 17522 | D:13     | Killed Azrael
 17692 | D:13     | a 12-headed hydra changed into an acid blob
 17692 | D:13     | Noticed an acid blob
 18201 | D:12     | Learned a level 5 spell: Borgnjor's Vile Clutch
 18291 | Orc:2    | Bought a phial of floods for 600 gold pieces
 18291 | Orc:2    | Bought a wand of roots (5) for 180 gold pieces
 18291 | Orc:2    | Bought a potion of resistance for 150 gold pieces
 18291 | Orc:2    | Bought a scroll of blinking for 112 gold pieces
 18339 | Elf:1    | Entered Level 1 of the Elven Halls
 18370 | Orc:2    | Reached skill level 1 in Necromancy
 18370 | Orc:2    | Reached skill level 1 in Earth Magic
 18674 | Elf:1    | Noticed Norris
 18690 | Elf:1    | Killed Norris
 18758 | Elf:1    | Reached XP level 16. HP: 140/178 MP: 19/19
 18765 | Elf:1    | Reached skill level 5 in Earth Magic
 19033 | Elf:1    | Reached skill level 5 in Necromancy
 19148 | Elf:1    | Gained mutation: Your muscles are strong. (Str +4, Int/Dex
                  | -1) [hidden potential]
 19148 | Elf:1    | Lost mutation: You have great hidden genetic potential.
                  | [hidden potential expressed]
 19265 | Elf:1    | Paralysed by an air elemental for 1 turns
 19304 | Elf:1    | Found Utikefo's Assorted Antiques.
 19317 | Elf:1    | Bought a scroll of identify for 68 gold pieces
 19317 | Elf:1    | Bought a scroll of identify for 68 gold pieces
 19319 | Elf:1    | Bought a scroll labelled HUAMECS WOIDWY for 34 gold pieces
 19492 | Elf:1    | Got Sif Muna's Atlas of the Creative Impact
 19680 | Elf:2    | Noticed Jorgrun
 19891 | Elf:2    | Identified the +1 robe of Lilacs {rC+ Str+7 Int-2 SInv}
 19922 | Elf:2    | Killed Jorgrun
 20045 | Elf:2    | Found Xaud Fiy's Antique Weapon Shoppe.
 20277 | Elf:2    | Found a runed translucent gate.
 20292 | Elf:2    | Found a runed translucent gate.
 20292 | Elf:2    | Found a runed translucent gate.
 20326 | Elf:2    | Lost mutation: You passively map a small area around you.
                  | [Jiyva's grace]
 20326 | Elf:2    | Lost mutation: Your translucent skin reduces your foes'
                  | accuracy. (Stealth+) [Jiyva's grace]
 20326 | Elf:2    | Lost mutation: You have hidden genetic potential. [Jiyva's
                  | grace]
 20326 | Elf:2    | Lost mutation: You expend magic power (3 MP) to strengthen
                  | your wands. [Jiyva's grace]
 20326 | Elf:2    | Gained mutation: You are partially covered in large bone
                  | plates. (SH +4) [Jiyva's grace]
 20326 | Elf:2    | Gained mutation: You are mostly covered in large bone
                  | plates. (SH +6) [Jiyva's grace]
 20326 | Elf:2    | Gained mutation: You are completely covered in large bone
                  | plates. (SH +8) [Jiyva's grace]
 20326 | Elf:2    | Gained mutation: Armour fits poorly on your pseudopods.
                  | [Jiyva's grace]
 20691 | Elf:3    | Entered Level 3 of the Elven Halls
 20753 | Elf:3    | Noticed a deep elf blademaster
 20755 | Elf:3    | Noticed a deep elf blademaster
 20768 | Elf:3    | Killed a deep elf blademaster
 20772 | Elf:3    | Noticed a deep elf blademaster
 20777 | Elf:3    | Killed a deep elf blademaster
 20781 | Elf:3    | Killed a deep elf blademaster
 20787 | Elf:3    | Reached XP level 17. HP: 73/187 MP: 3/20
 20826 | Elf:3    | Paralysed by an air elemental for 1 turns
 20912 | Elf:3    | Identified the ring "Wereg" {Ice MP-9 Str+9}
 20931 | Elf:3    | Noticed a deep elf master archer
 20935 | Elf:3    | Noticed a deep elf master archer
 20939 | Elf:3    | Killed a deep elf master archer
 20950 | Elf:3    | Killed a deep elf master archer
 20951 | Elf:3    | Reached skill level 10 in Earth Magic
 20986 | Abyss:2  | Cast into level 2 of the Abyss (a deep elf demonologist)
 21171 | Abyss:4  | Got the Grimoire of Lava
 21195 | Abyss:4  | Got the Discourse on Fire
 21198 | Abyss:4  | Got Luolub's Handbook of Chilblains
 21207 | Abyss:4  | Got the Catalogue of Ignition
 21256 | Abyss:4  | Found a corrupted altar of Lugonu.
 21264 | Abyss:4  | Got the Exposition on Therianthropy
 21267 | Abyss:4  | Got the Incunable of Silt
 21294 | Elf:3    | Escaped the Abyss
 21308 | Elf:3    | Noticed a deep elf blademaster
 21318 | Elf:3    | Killed a deep elf blademaster
 21422 | Elf:3    | Identified the +2 robe of Tender Moments {Will+ Int+4
                  | Dex+4}
 21424 | Elf:3    | Noticed a deep elf master archer
 21439 | Elf:3    | Identified the ring of Birdsong {rC+ Will+}
 21439 | Elf:3    | Noticed a deep elf master archer
 21447 | Elf:3    | Killed a deep elf master archer
 21451 | Elf:3    | Killed a deep elf master archer
 21488 | Elf:3    | Paralysed by an air elemental for 1 turns
 21495 | Elf:3    | Found the ring of the Mage {Wiz Archmagi}
 21523 | Elf:3    | Identified the staff of the Shoals {rC+ Str+4 Earth}
 21526 | Elf:3    | Found the +4 robe of Folly {Brill Will-∞ Int+8}
 21532 | Elf:3    | Reached skill level 10 in Shapeshifting
 21577 | Elf:3    | Identified the +2 hand axe of the Supporting Augurer
                  | {freeze, rCorr}
 21594 | Elf:3    | Learned a level 4 spell: Leda's Liquefaction
 21598 | Elf:3    | Learned a level 3 spell: Portal Projectile
 21925 | Elf:3    | Found Mufrutepp's Jewellery Shop.
 21978 | Elf:3    | Paralysed by an air elemental for 1 turns
 22181 | Spider:1 | Entered Level 1 of the Spider Nest
 22227 | Spider:1 | Reached skill level 1 in Hexes
 22278 | Spider:1 | Lost mutation: You are strong-willed. (Will+) [Jiyva's
                  | grace]
 22278 | Spider:1 | Lost mutation: You are robust. (+10% HP) [Jiyva's grace]
 22278 | Spider:1 | Lost mutation: Your thick and shaggy fur keeps you warm.
                  | (AC +3, rC+) [Jiyva's grace]
 22278 | Spider:1 | Lost mutation: Your muscles are strong. (Str +4, Int/Dex
                  | -1) [Jiyva's grace]
 22278 | Spider:1 | Lost mutation: Armour fits poorly on your pseudopods.
                  | [Jiyva's grace]
 22278 | Spider:1 | Gained mutation: You have large cloven feet. [Jiyva's
                  | grace]
 22278 | Spider:1 | Gained mutation: You have hoof-like feet. [Jiyva's grace]
 22278 | Spider:1 | Gained mutation: You have hooves in place of feet. [Jiyva's
                  | grace]
 22278 | Spider:1 | Gained mutation: You expend magic power (3 MP) to
                  | strengthen your wands. [Jiyva's grace]
 22904 | Spider:1 | Upgraded the game from 0.31-a0-496-g6f97920a28 to
                  | 0.31-a0-507-gbafd7f5274
 23192 | Spider:2 | Reached XP level 18. HP: 169/179 MP: 9/23
 23239 | Spider:2 | Learned a level 2 spell: Passwall
 23244 | Spider:2 | Learned a level 4 spell: Animate Dead
 23248 | Spider:2 | Learned a level 3 spell: Stone Arrow
 23562 | Spider:2 | Identified the +0 robe of the Dolphin {rElec rC+ SInv}
 23628 | Spider:3 | Lost mutation: Your system is resistant to poisons. (rPois)
                  | [Jiyva's grace]
 23628 | Spider:3 | Lost mutation: You are covered in thick fur. (AC +2)
                  | [Jiyva's grace]
 23628 | Spider:3 | Lost mutation: Your melee attacks may engulf your foes in
                  | ooze. [Jiyva's grace]
 23628 | Spider:3 | Gained mutation: You have acidic saliva. [Jiyva's grace]
 23628 | Spider:3 | Gained mutation: Your rubbery body absorbs attacks. (AC +1,
                  | EV +1) [Jiyva's grace]
 23628 | Spider:3 | Gained mutation: Your pliable body absorbs attacks. (AC +2,
                  | EV +2) [Jiyva's grace]
 23628 | Spider:3 | Gained mutation: Your gelatinous body deflects attacks. (AC
                  | +3, EV +3) [Jiyva's grace]
 24323 | Spider:4 | Entered Level 4 of the Spider Nest
 24501 | Shoals:1 | Entered Level 1 of the Shoals
 24576 | Shoals:1 | Reached skill level 5 in Spellcasting
 24673 | Shoals:1 | Reached skill level 1 in Shields
 25427 | Shoals:2 | Noticed Ilsuiw
 25633 | Shoals:2 | Reached skill level 5 in Shields
 25871 | Shoals:2 | Identified the +7 trident of Focus {freeze, rN+ rCorr}
 26069 | Shoals:2 | Lost mutation: You have hooves in place of feet. [Jiyva's
                  | grace]
 26069 | Shoals:2 | Lost mutation: You possess an exceptional clarity of mind.
                  | [Jiyva's grace]
 26069 | Shoals:2 | Lost mutation: You are resistant to electric shocks.
                  | (rElec) [Jiyva's grace]
 26069 | Shoals:2 | Lost mutation: Your gelatinous body deflects attacks. (AC
                  | +3, EV +3) [Jiyva's grace]
 26069 | Shoals:2 | Gained mutation: You are very agile. (Dex +8, Str/Int -2)
                  | [Jiyva's grace]
 26069 | Shoals:2 | Gained mutation: You possess an exceptional clarity of
                  | mind. [Jiyva's grace]
 26069 | Shoals:2 | Gained mutation: You are covered in thick fur. (AC +2)
                  | [Jiyva's grace]
 26069 | Shoals:2 | Gained mutation: Your thick and shaggy fur keeps you warm.
                  | (AC +3, rC+) [Jiyva's grace]
 26270 | Shoals:2 | Identified the +8 mace of the Hills {heavy, Drain rElec
                  | rCorr}
 27100 | Shoals:3 | Identified the ring of Demons {Int+5 Slay+4}
 27107 | Shoals:3 | Noticed a tentacled monstrosity
 27117 | Shoals:3 | Killed a tentacled monstrosity
 27159 | Shoals:3 | Got the Folio of Mad Ravings
 27446 | Shoals:4 | Entered Level 4 of the Shoals
 27565 | Shoals:4 | Noticed Donald
 27584 | Shoals:4 | Killed Donald
 27649 | Shoals:4 | Noticed Mlioglotl
 27673 | Shoals:4 | Killed Mlioglotl
 27807 | Shoals:4 | Reached XP level 19. HP: 173/173 MP: 25/25
 27849 | Shoals:4 | Reached skill level 10 in Shields
 27891 | Shoals:4 | Found a white marble altar of Elyvilon.
 27915 | Shoals:4 | Noticed Polyphemus
 27947 | Shoals:4 | Killed Polyphemus
 27959 | Shoals:4 | Reached skill level 17 in Unarmed Combat
 27992 | Shoals:4 | Got a barnacled rune of Zot
 28083 | Shoals:4 | Identified the ring "Fyzal" {rN+ Dex+3 SInv}
 28135 | Shoals:4 | Found a glowing golden altar of the Shining One.
 28192 | Shoals:4 | Identified the +7 scimitar of Keolyo {heavy, Will+ rCorr
                  | Dex+2}
 28194 | Shoals:4 | Identified the +5 chain mail of the Pirate {rPois rN+
                  | rCorr}
 28409 | Shoals:4 | Found a glowing silver altar of Zin.
 28746 | Spider:4 | Noticed Agnes
 28768 | Spider:3 | Killed Agnes
 29026 | Spider:4 | Noticed Louise
 29040 | Spider:4 | Killed Louise
 29058 | Spider:4 | Reached skill level 18 in Unarmed Combat
 29179 | Spider:4 | Noticed Oschuudiff's ghost (adept DsWn)
 29294 | Spider:4 | Found a runed translucent door.
 29427 | Spider:4 | Killed Oschuudiff's ghost
 29648 | Spider:4 | Lost mutation: You are completely covered in large bone
                  | plates. (SH +8) [Jiyva's grace]
 29648 | Spider:4 | Lost mutation: You are very agile. (Dex +8, Str/Int -2)
                  | [Jiyva's grace]
 29648 | Spider:4 | Lost mutation: You expend magic power (3 MP) to strengthen
                  | your wands. [Jiyva's grace]
 29648 | Spider:4 | Gained mutation: You are somewhat resistant to further
                  | mutation. [Jiyva's grace]
 29648 | Spider:4 | Gained mutation: You are somewhat resistant to both further
                  | mutation and mutation removal. [Jiyva's grace]
 29648 | Spider:4 | Gained mutation: You are almost entirely resistant to
                  | further mutation and mutation removal. [Jiyva's grace]
 29648 | Spider:4 | Gained mutation: Armour fits poorly on your pseudopods.
                  | [Jiyva's grace]
 29760 | Spider:4 | Got a gossamer rune of Zot
 30100 | D:14     | Found a gate to the Vaults.
 30193 | D:14     | Found Notsihui's Antique Weapon Boutique.
 30670 | D:15     | Entered Level 15 of the Dungeon
 30873 | D:15     | Reached XP level 20. HP: 189/202 MP: 7/26
 30899 | D:15     | Paralysed by an ogre mage for 3 turns
 30924 | D:15     | Learned a level 4 spell: Manifold Assault
 30942 | D:15     | Identified the +7 halberd "Xulluel" {heavy, Drain rC+ rN++
                  | SInv}
 31062 | D:15     | Reached skill level 19 in Unarmed Combat
 31191 | D:15     | Found a staircase to the Depths.
 31427 | Vaults:1 | Entered Level 1 of the Vaults
 31444 | Vaults:1 | Lost mutation: You have hoof-like feet. [Jiyva's grace]
 31444 | Vaults:1 | Lost mutation: You have large cloven feet. [Jiyva's grace]
 31444 | Vaults:1 | Lost mutation: You possess an exceptional clarity of mind.
                  | [Jiyva's grace]
 31444 | Vaults:1 | Lost mutation: You have acidic saliva. [Jiyva's grace]
 31444 | Vaults:1 | Lost mutation: Your pliable body absorbs attacks. (AC +2,
                  | EV +2) [Jiyva's grace]
 31444 | Vaults:1 | Gained mutation: You have a small jelly attached to you
                  | that may absorb projectiles. [Jiyva's grace]
 31444 | Vaults:1 | Gained mutation: You have an increased reservoir of magic.
                  | (+10% MP) [Jiyva's grace]
 31444 | Vaults:1 | Gained mutation: You have a considerably increased
                  | reservoir of magic. (+20% MP) [Jiyva's grace]
 31444 | Vaults:1 | Gained mutation: You have a greatly increased reservoir of
                  | magic. (+30% MP) [Jiyva's grace]
 31658 | Vaults:1 | Found Vueck's Jewellery Emporium.
 32046 | Vaults:1 | Identified the +3 robe of the Ant {Fly Regen+ Int-5 Dex+6}
 32056 | Vaults:1 | Identified the ring of Akhe {Fly Str+2 Int+3}
 32069 | Vaults:1 | Identified the staff "Oggej" {rElec rPois Str-5 Int+3
                  | Poison}
 33174 | Vaults:2 | Found a staircase to the Crypt.
 33198 | Vaults:2 | Learned a level 4 spell: Passage of Golubria
 33745 | Vaults:2 | Lost mutation: You are almost entirely resistant to further
                  | mutation and mutation removal. [Jiyva's grace]
 33745 | Vaults:2 | Gained mutation: You expend magic power (3 MP) to
                  | strengthen your wands. [Jiyva's grace]
 33745 | Vaults:2 | Gained mutation: You possess an exceptional clarity of
                  | mind. [Jiyva's grace]
 33745 | Vaults:2 | Gained mutation: You are covered in slimy tendrils that may
                  | disarm your opponents. [Jiyva's grace]
 33745 | Vaults:2 | Gained mutation: You are resistant to electric shocks.
                  | (rElec) [Jiyva's grace]
 34647 | Vaults:3 | Reached XP level 21. HP: 210/210 MP: 3/40
 34800 | Vaults:3 | Reached skill level 10 in Translocations
 35542 | Vaults:3 | Identified the staff "Emixkuwk" {rC+ Int+4 Ice}
 35640 | Vaults:4 | Lost mutation: You are agile. (Dex +4, Str/Int -1) [Jiyva's
                  | grace]
 35640 | Vaults:4 | Lost mutation: You have a greatly increased reservoir of
                  | magic. (+30% MP) [Jiyva's grace]
 35640 | Vaults:4 | Lost mutation: You have a considerably increased reservoir
                  | of magic. (+20% MP) [Jiyva's grace]
 35640 | Vaults:4 | Gained mutation: Armour fits poorly on your large
                  | pseudopods. [Jiyva's grace]
 35640 | Vaults:4 | Gained mutation: Armour fits poorly on your massive
                  | pseudopods. [Jiyva's grace]
 35640 | Vaults:4 | Gained mutation: You have a pair of small horns on your
                  | head. [Jiyva's grace]
 35640 | Vaults:4 | Gained mutation: You have a pair of horns on your head.
                  | [Jiyva's grace]
 35672 | Vaults:4 | Reached skill level 20 in Unarmed Combat
 36452 | Vaults:4 | Reached skill level 21 in Unarmed Combat
 37236 | Vaults:5 | Entered Level 5 of the Vaults
 37243 | Vaults:5 | Noticed a dread lich
 37524 | Vaults:5 | Noticed a dread lich
 37541 | Vaults:5 | Killed a dread lich
 37547 | Vaults:5 | Identified the +3 flail "Boasumite" {flame, Int+2}
 37638 | Vaults:5 | Reached skill level 22 in Unarmed Combat
 37856 | Vaults:5 | Reached skill level 1 in Armour
 37858 | Vaults:5 | Reached XP level 22. HP: 106/219 MP: 4/35
 37864 | Vaults:5 | Killed a dread lich
 37945 | Vaults:5 | Noticed a golden dragon
 37953 | Vaults:5 | Killed a golden dragon
 38104 | Vaults:5 | Paralysed by a sphinx for 3 turns
 38312 | Vaults:5 | Lost mutation: You have a pair of horns on your head.
                  | [Jiyva's grace]
 38312 | Vaults:5 | Lost mutation: You possess an exceptional clarity of mind.
                  | [Jiyva's grace]
 38312 | Vaults:5 | Lost mutation: Your thick and shaggy fur keeps you warm.
                  | (AC +3, rC+) [Jiyva's grace]
 38312 | Vaults:5 | Lost mutation: You are covered in thick fur. (AC +2)
                  | [Jiyva's grace]
 38312 | Vaults:5 | Lost mutation: Armour fits poorly on your massive
                  | pseudopods. [Jiyva's grace]
 38312 | Vaults:5 | Gained mutation: Your translucent skin reduces your foes'
                  | accuracy. (Stealth+) [Jiyva's grace]
 38312 | Vaults:5 | Gained mutation: Your transparent skin significantly
                  | reduces your foes' accuracy. (Stealth+) [Jiyva's grace]
 38312 | Vaults:5 | Gained mutation: You have acidic saliva. [Jiyva's grace]
 38312 | Vaults:5 | Gained mutation: You have a pair of horns on your head.
                  | [Jiyva's grace]
 38369 | Vaults:5 | Noticed a dread lich
 38383 | Vaults:5 | Killed a dread lich
 38402 | Vaults:5 | Reached skill level 5 in Armour
 38623 | Vaults:5 | Identified the +1 hand axe of the Moth {freeze, rElec rPois
                  | Str-4 Int-3}
 38724 | Vaults:5 | Reached skill level 23 in Unarmed Combat
 38877 | Vaults:5 | Identified the +7 trident of Bankruptcy {protect, Str+2}
 38942 | Vaults:5 | Identified a scroll of acquirement
 38943 | Vaults:5 | Acquired the +3 tower shield of Xaexzew {Will+}
 39179 | Vaults:5 | Reached skill level 1 in Throwing
 39455 | Vaults:5 | Got the Quarto of Translocated Permutations
 39458 | Vaults:5 | Got a silver rune of Zot
 39523 | Vaults:5 | Reached skill level 1 in Conjurations
 39674 | Depths:1 | Entered Level 1 of the Depths
 40136 | Depths:1 | Identified the +7 chain mail "Emocey Rofo" {Int+4}
 40217 | Depths:1 | Found a gateway to Hell.
 40349 | Depths:1 | Identified the ring "Gobisuer" {Drain rPois rN+ rCorr}
 40382 | Depths:1 | Reached XP level 23. HP: 227/227 MP: 24/37
 40391 | Depths:1 | Learned a level 6 spell: Leda's Unmaking
 40454 | Depths:1 | Reached skill level 5 in Conjurations
 40683 | Depths:1 | Found a white marble altar of Elyvilon.
 40870 | Depths:1 | Found Mykeykur's Book Emporium.
 40870 | Depths:1 | Found Tikked's Jewellery Boutique.
 40871 | Depths:1 | Found Nuna's Book Emporium.
 40892 | Depths:1 | Bought the amulet "Seguug" {Reflect rF++ SH+5} for 599 gold
                  | pieces
 40988 | Depths:1 | Lost mutation: You have an increased reservoir of magic.
                  | (+10% MP) [Jiyva's grace]
 40988 | Depths:1 | Lost mutation: You are somewhat resistant to both further
                  | mutation and mutation removal. [Jiyva's grace]
 40988 | Depths:1 | Lost mutation: You are somewhat resistant to further
                  | mutation. [Jiyva's grace]
 40988 | Depths:1 | Lost mutation: You have a small jelly attached to you that
                  | may absorb projectiles. [Jiyva's grace]
 40988 | Depths:1 | Lost mutation: You expend magic power (3 MP) to strengthen
                  | your wands. [Jiyva's grace]
 40988 | Depths:1 | Gained mutation: You are agile. (Dex +4, Str/Int -1)
                  | [Jiyva's grace]
 40988 | Depths:1 | Gained mutation: You are very agile. (Dex +8, Str/Int -2)
                  | [Jiyva's grace]
 40988 | Depths:1 | Gained mutation: You have a small jelly attached to you
                  | that may absorb projectiles. [Jiyva's grace]
 40988 | Depths:1 | Gained mutation: You are covered in thick fur. (AC +2)
                  | [Jiyva's grace]
 40991 | Depths:1 | Noticed the Enchantress
 41031 | Depths:1 | Found Fulosch's Assorted Antiques.
 41041 | Depths:1 | Killed the Enchantress
 41178 | Depths:1 | Found a glowing silver altar of Zin.
 41641 | Depths:2 | Found a one-way gate leading to the halls of Pandemonium.
 41981 | Depths:2 | Identified the +2 robe "Soeqenut" {Str+4 Dex+2}
 42041 | Depths:2 | Found a one-way gateway to a ziggurat.
 42330 | Depths:2 | Found a shimmering altar of Xom.
 42774 | Depths:3 | Noticed Sojobo
 42903 | Depths:3 | Killed Sojobo
 43194 | Depths:3 | Lost mutation: You are mostly covered in large bone plates.
                  | (SH +6) [Jiyva's grace]
 43194 | Depths:3 | Lost mutation: You are partially covered in large bone
                  | plates. (SH +4) [Jiyva's grace]
 43194 | Depths:3 | Lost mutation: Armour fits poorly on your large pseudopods.
                  | [Jiyva's grace]
 43194 | Depths:3 | Lost mutation: Your transparent skin significantly reduces
                  | your foes' accuracy. (Stealth+) [Jiyva's grace]
 43194 | Depths:3 | Gained mutation: You are robust. (+10% HP) [Jiyva's grace]
 43194 | Depths:3 | Gained mutation: You are very robust. (+20% HP) [Jiyva's
                  | grace]
 43194 | Depths:3 | Gained mutation: You are extremely robust. (+30% HP)
                  | [Jiyva's grace]
 43194 | Depths:3 | Gained mutation: Your system is resistant to poisons.
                  | (rPois) [Jiyva's grace]
 43620 | Depths:3 | Found a one-way gate to the infinite horrors of the Abyss.
 44276 | Depths:3 | Noticed a juggernaut
 44278 | Depths:3 | Reached XP level 24. HP: 257/290 MP: 20/34
 44318 | Depths:3 | Killed a juggernaut
 44445 | Depths:3 | Noticed a juggernaut
 44460 | Depths:3 | Killed a juggernaut
 44724 | Depths:4 | Entered Level 4 of the Depths
 44742 | Depths:4 | Learned a level 1 spell: Apportation
 44985 | Depths:4 | Found a hide-covered altar of Uskayaw.
 45163 | Depths:4 | Found a sparkling altar of Nemelex Xobeh.
 45163 | Depths:4 | Noticed Boris
 45173 | Depths:4 | Killed Boris
 45489 | Depths:4 | Identified the +4 ring mail of the Fletcher {Harm}
 45625 | Depths:4 | Noticed Xtahua
 45631 | Depths:4 | Killed Xtahua
 45822 | Depths:4 | Reached skill level 10 in Conjurations
 46004 | Depths:4 | Found a gate to the Realm of Zot.
 46299 | Depths:3 | Voluntarily entered the Abyss.
 46392 | Abyss:4  | Paralysed by accursed screaming for 1 turns
 46404 | Abyss:4  | Paralysed by accursed screaming for 2 turns
 46410 | Abyss:4  | Lost mutation: You are very agile. (Dex +8, Str/Int -2)
                  | [Jiyva's grace]
 46410 | Abyss:4  | Lost mutation: You are covered in thick fur. (AC +2)
                  | [Jiyva's grace]
 46410 | Abyss:4  | Gained mutation: You are very agile. (Dex +8, Str/Int -2)
                  | [Jiyva's grace]
 46410 | Abyss:4  | Gained mutation: Your body has grown eyes which may confuse
                  | attackers. (Acc +3) [Jiyva's grace]
 46410 | Abyss:4  | Gained mutation: Your body has grown many eyes which may
                  | confuse attackers. (Acc +5) [Jiyva's grace]
 46410 | Abyss:4  | Gained mutation: Your body is covered in eyes which may
                  | confuse attackers. (Acc +7, SInv) [Jiyva's grace]
 46558 | Abyss:4  | Found a corrupted altar of Lugonu.
 46645 | Abyss:4  | Reached skill level 15 in Shields
 46658 | Abyss:4  | Got an abyssal rune of Zot
 46695 | Depths:3 | Escaped the Abyss
 46765 | Zot:1    | Entered Level 1 of the Realm of Zot
 48202 | Zot:2    | Reached XP level 25. HP: 295/317 MP: 10/34
 49535 | Zot:3    | Lost mutation: You are extremely robust. (+30% HP) [Jiyva's
                  | grace]
 49535 | Zot:3    | Lost mutation: You have acidic saliva. [Jiyva's grace]
 49535 | Zot:3    | Lost mutation: Armour fits poorly on your pseudopods.
                  | [Jiyva's grace]
 49535 | Zot:3    | Lost mutation: You have a small jelly attached to you that
                  | may absorb projectiles. [Jiyva's grace]
 49535 | Zot:3    | Gained mutation: You have sharp toenails. [Jiyva's grace]
 49535 | Zot:3    | Gained mutation: You have razor-sharp toenails. [Jiyva's
                  | grace]
 49535 | Zot:3    | Gained mutation: You have claws for feet. [Jiyva's grace]
 49535 | Zot:3    | Gained mutation: Your transparent skin significantly
                  | reduces your foes' accuracy. (Stealth+) [Jiyva's grace]
 50267 | Zot:4    | Found a runed translucent gate.
 50267 | Zot:4    | Found a runed translucent gate.
 50267 | Zot:4    | Found a runed translucent gate.
 50275 | Zot:4    | Found the +8 trishula "Condemnation" {holy, anguish, *Noise
                  | Fly rN+}
 50278 | Zot:4    | Noticed runemage's ghost (legendary GnFi)
 50278 | Zot:4    | Noticed vanad92's ghost (veteran DEFE)
 50278 | Zot:4    | Noticed Juzit's ghost (legendary GnFi)
 50423 | Zot:4    | Noticed a Killer Klown
 50443 | Zot:4    | Killed a Killer Klown
 50521 | Zot:4    | Noticed a Killer Klown
 50529 | Zot:4    | Killed a Killer Klown
 50565 | Zot:4    | Reached skill level 10 in Evocations
 51247 | Zot:3    | Killed Juzit's ghost
 51379 | Zot:4    | Killed runemage's ghost
 51383 | Zot:4    | Killed vanad92's ghost
 51439 | Zot:5    | Entered Level 5 of the Realm of Zot
 51535 | Zot:5    | Reached XP level 26. HP: 142/303 MP: 13/34
 51595 | Zot:5    | Found an opulent altar of Gozag.
 51933 | Zot:5    | Got Sif Muna's Compilation of Glaciation
 52308 | Zot:5    | Noticed an ancient lich
 52320 | Zot:5    | Noticed an orb of fire
 52320 | Zot:5    | Noticed an orb of fire
 52323 | Zot:5    | Noticed an orb of fire
 52328 | Zot:4    | Killed an ancient lich
 52331 | Zot:4    | Upgraded the game from 0.31-a0-507-gbafd7f5274 to
                  | 0.31-a0-521-gc7390f8997
 52377 | Zot:5    | Gained mutation: Your magical capacity is low. (-10% MP)
                  | [an orb of fire]
 52388 | Zot:4    | Killed an orb of fire
 52400 | Zot:4    | Killed an orb of fire
 52402 | Zot:5    | Noticed a dread lich
 52412 | Zot:5    | Killed an orb of fire
 52423 | Zot:5    | Killed a dread lich
 52480 | Zot:5    | Noticed a dread lich
 52497 | Zot:5    | Paralysed by a dread lich for 2 turns
 52504 | Zot:5    | Killed a dread lich
 52554 | Zot:5    | Noticed an orb of fire
 52565 | Zot:5    | Killed an orb of fire
 52566 | Zot:5    | Reached skill level 15 in Shapeshifting
 52740 | Zot:5    | Noticed a dread lich
 52767 | Zot:5    | Killed a dread lich
 53218 | Zot:5    | Lost mutation: You have claws for feet. [Jiyva's grace]
 53218 | Zot:5    | Lost mutation: You are very agile. (Dex +8, Str/Int -2)
                  | [Jiyva's grace]
 53218 | Zot:5    | Lost mutation: Your magical capacity is low. (-10% MP)
                  | [Jiyva's grace]
 53218 | Zot:5    | Lost mutation: Your transparent skin significantly reduces
                  | your foes' accuracy. (Stealth+) [Jiyva's grace]
 53218 | Zot:5    | Lost mutation: Your translucent skin reduces your foes'
                  | accuracy. (Stealth+) [Jiyva's grace]
 53218 | Zot:5    | Lost mutation: You are covered in slimy tendrils that may
                  | disarm your opponents. [Jiyva's grace]
 53218 | Zot:5    | Gained mutation: You are strong-willed. (Will+) [Jiyva's
                  | grace]
 53218 | Zot:5    | Gained mutation: You are highly strong-willed. (Will++)
                  | [Jiyva's grace]
 53218 | Zot:5    | Gained mutation: You are extremely strong-willed. (Will+++)
                  | [Jiyva's grace]
 53218 | Zot:5    | Gained mutation: Armour fits poorly on your pseudopods.
                  | [Jiyva's grace]
 53263 | Zot:5    | Noticed an ancient lich
 53268 | Zot:5    | Killed an ancient lich
 53417 | Zot:5    | Got the Orb of Zot
 54088 | D:$      | Escaped with the Orb!

Illustrated notes

Levels and vault maps discovered:
D:1:      erik_arrival_orb_chamber, layout_basic,
          dreamdust_ecumenical_altar_sealed_demon
D:2:      layout_basic, basic_altar
D:3:      layout_loops_ring, kennysheep_generic_room_5, uniq_robin
D:4:      layout_cave_pools, nicolae_qazlal_scattered_showers,
          makhleb_blood_cavern_becter, chequers_serial_rivers_marsh,
          serial_bayou_pond_d, st_stairs_3, feat_on_display
D:5:      layout_rooms, mainiacjoe_overflow_alcove_2, biasface_ghost_orc_armoury
D:6:      layout_cave_pools, okawaru_gym_becter, mainiacjoe_overflow_big_doors,
          minivault_11
D:7:      layout_basic, temple_fountains
D:8:      layout_basic, nicolae_dithmenos_through_a_glass_darkly, uniq_pikel
D:9:      layout_basic, mainiacjoe_overflow_chevrons,
          nicolae_gozag_conspicuous_consumption, guppyfry_shop_venom,
          uniq_maggie, uniq_psyche
D:10:     layout_roguey, kennysheep_mini, erik_lair_island,
          kennysheep_orc_monster_closet_entryway
D:11:     layout_basic
D:12:     minmay_the_grid_octo_tiled_octocenter_mashed
          [minmay_the_grid_octo_pinwheel, minmay_the_grid_octo_empty,
          minmay_the_grid_octo_horde, minmay_the_grid_octo_checkered,
          minmay_the_grid_octo_prize_star, minmay_the_grid_square_5x5_lines,
          minmay_the_grid_square_5x5_percent,
          minmay_the_grid_square_5x5_n_small, minmay_the_grid_square_5x5_c],
          layout_rooms, portal_ice_cave_entry_ice_simulacra
D:13:     layout_loops_ring, special_room [special_room_bee], uniq_azrael,
          uniq_kirke
D:14:     argonaut_augean_stables, layout_cave_pools,
          lightli_vaults_fourway_checkpoint, serial_glass, glass_columns_b,
          glass_columns_a, serial_shops, nicolae_lakefront_shop
D:15:     hellmonk_depths_entry_around_the_bend, layout_rooms,
          serial_park_square3 [serial_park_minivault_5x5_6],
          roderic_roman_lattice, minmay_misc_feat_ornament
Lair:1:   dreamdust_cave_troll, layout_cave_pods, uniq_amaemon
Lair:2:   layout_roguey, spider_nest_entry_a, gauntlet_entry_generic,
          grunt_megastairs_1
Lair:3:   layout_regular_city, elwin_shoals_entry_stream, uniq_josephine
Lair:4:   layout_regular_city, slime_entry_1
Lair:5:   minmay_lair_end_enchanted_forest, layout_cave_pods,
          eino_small_chamber_without_monster, minmay_lair_oklob_items,
          infiniplex_staircase_pool_2
Shoals:1: layout_shoals
Shoals:2: cheibrodos_shoals_epimethial_gifts, layout_shoals, uniq_ilsuiw
Shoals:3: dreamdust_from_the_deep, layout_shoals
Shoals:4: shoals_end_hellmonk_holy_island, serial_shops, uniq_polyphemus,
          uniq_donald, uniq_mlioglotl
Spider:1: layout_spider_delve
Spider:2: layout_spider_delve
Spider:3: nicolae_spider_obnoxious_hallway
Spider:4: hellmonk_spider_rune_endless_swarm, hellmonk_ghost_happy_afterlife,
          guppyfry_spider_mini_3, uniq_louise, uniq_agnes
Slime:1:  layout_caves
Slime:2:  layout_caves
Slime:3:  layout_caves
Slime:4:  layout_caves, dissolution_awaits
Slime:5:  slime_pit_nicolae_royal_road_to_ruin
Orc:1:    nicolae_orc_accident_3, layout_caves, mines4_lemuel
Orc:2:    st_orc_congregation, layout_caves
Elf:1:    elf_arrival_001, layout_gridlike, serial_shops,
          nicolae_shop_statue_plus, minmay_elf_sorcery,
          nicolae_elf_blasts_and_bolts, uniq_norris
Elf:2:    nicolae_elf_blades_crystal_corner, layout_loops_ring, serial_shops,
          shop, uniq_zenata, uniq_jorgrun
Elf:3:    minmay_elf_hall, layout_geoelf_octagon,
          minmay_shop_enchanted_jewellery
Vaults:1: nicolae_vaults_diagonal_hallway_6, vaults_dpeg_cross, v_misc_9,
          v_pattern_5, hangedman_vaults_snaps,
          nicolae_vaults_storing_the_good_stuff, v_alt_pattern_1,
          nicolae_vaults_trapezoid_lopsided_4, hangedman_vaults_impose,
          layout_vaults_chaotic_city, serial_shops, nicolae_square_shop
Vaults:2: nicolae_vaults_mitosis, minmay_crypt_entry_simple_round,
          hangedman_vaults_corner, vaults_mumra_hex,
          nicolae_vaults_door_testing_chamber, nicolae_vaults_tetromino_Z_1,
          v_misc_18, nicolae_vaults_minivaults, nicolae_vaults_two_Ls,
          nicolae_vaults_closet_pinwheel_6, ontoclasm_vaults_twist,
          ontoclasm_vaults_decontamination, nicolae_vaults_apartment_2,
          layout_vaults_maze
Vaults:3: nicolae_vaults_turnstiles, nicolae_vaults_little_squares_2,
          nicolae_vaults_tetromino_L_2, nicolae_vaults_diamond_2,
          nicolae_vaults_variable_pillar_hall, nicolae_vaults_network_periphery,
          v_alt_pattern_3, st_lattice, hangedman_vaults_variations,
          vaults_dpeg_encased_lava, ontoclasm_vaults_shuriken,
          nicolae_vaults_heart-shaped_vault, vaults_room_corners,
          nicolae_vaults_heist, layout_vaults_omnicross, serial_glass
Vaults:4: nicolae_vaults_ellipses_ellipsis, v_alt_pattern_6,
          nicolae_vaults_little_squares_2, nicolae_vaults_security_offices_1,
          vaults_room_fours, hangedman_vaults_restitches,
          nicolae_vaults_storage_room_doors, nicolae_vaults_network_barrier,
          nicolae_vaults_mini_display_case, layout_vaults_omnigrid
Vaults:5
Depths:1: grunt_crosshair, layout_gridlike, elyvilon_altar_5, serial_shops,
          nicolae_shop_back_alley_shop, hell_entry, zin_statuary,
          minmay_shop_grove, uniq_enchantress
Depths:2: nzn_winding_woodlands_stair_trap
          [nzn_winding_woodlands_5x15_sidewinder,
          nzn_winding_woodlands_5x15_sawtooth,
          nzn_winding_woodlands_5x15_split_checker,
          nzn_winding_woodlands_15x15_killbox, nzn_winding_woodlands_5x15_cabin,
          nzn_winding_woodlands_5x15_pockets, nzn_winding_woodlands_5x15_twine],
          layout_basic, enter_ziggurat_c, pan_entry, xom_teletrap_fun,
          hell_entry, minmay_staircase_statues
Depths:3: grunt_bent_corner, layout_long_grid, lightli_too_deep, abyss_entry,
          infiniplex_staircase_pool_1, roderic_lattice_a, uniq_sojobo
Depths:4: grunt_zot_entry_gee_three, layout_honeycomb,
          pf_vacation_house_of_asmodeus, nemelex_lonely_heart_becter,
          nicolae_uskayaw_dance_hall, uniq_josephina, uniq_xtahua
Zot:1:    layout_basic
Zot:2:    layout_gridlike, zot_minivault_1
Zot:3:    layout_basic, grunt_ministairs_12, hangedman_hellfire_club
Zot:4:    cheibrodos_zot_enchanting_chambers, layout_misc_corridors,
          gammafunk_ghost_cemetery
Zot:5:    layout_gridlike, basic_altar, kennysheep_underground_church

Skill      XL: |  1  2  3  4  5  6  7  8  9 10 11 12 13 14 15 16 17 18 19 20 21 22 23 24 25 26 |
---------------+-------------------------------------------------------------------------------+-----
Unarmed Combat | 1 2 3 4 6 7 9 11 15 16 18 19 22 23 | 23.2
Shapeshifting  | 4 7 9 10 12 16 | 16.4
Fighting       | 4 7 8 9 11 13 | 13.1
Dodging        | 4 7 8 9 11 | 11.1
Evocations     | 6 10 | 10.0
Translocations | 5 9 10 | 10.0
Necromancy     | 4 8 9 |  9.4
Earth Magic    | 4 9 10 13 | 13.8
Spellcasting   | 3 4 5 7 8 |  8.3
Hexes          | 2 4 |  4.1
Shields        | 9 10 13 15 | 15.0
Armour         | 1 6 |  6.0
Throwing       | 1 |  1.7
Conjurations   | 4 9 11 | 11.8
Stealth        | |  1.1
Summonings     | |  0.6

Action                     |  1- 3 |  4- 6 |  7- 9 | 10-12 | 13-15 | 16-18 | 19-21 | 22-24 | 25-27 || total
---------------------------+-------+-------+-------+-------+-------+-------+-------+-------+-------++-------
  Melee: Unarmed           |   109 |   134 |   171 |   462 |  1134 |   885 |  1178 |  1285 |   926 ||  6284
         Punch             |       |     1 |     8 |    35 |   102 |    28 |       |       |     3 ||   177
         Maw               |       |       |       |     5 |    22 |   122 |       |       |       ||   149
         Constrict         |       |       |       |       |     1 |       |       |       |       ||     1
         Pseudopods        |       |       |       |       |       |    38 |   148 |   271 |    76 ||   533
         Kick              |       |       |       |       |       |   202 |   207 |       |   251 ||   660
         Bite              |       |       |       |       |       |    37 |    89 |   159 |    48 ||   333
         Headbutt          |       |       |       |       |       |       |    46 |   279 |   226 ||   551
  Throw: Stone             |     5 |       |       |       |       |       |       |       |       ||     5
         Dart              |       |       |       |       |     1 |     5 |     2 |       |       ||     8
         Throwing net      |       |       |       |       |       |     1 |       |       |       ||     1
         Large rock        |       |       |       |       |       |     3 |       |       |       ||     3
         Javelin           |       |       |       |       |       |     1 |       |       |       ||     1
   Cast: Slow              |     4 |    10 |     1 |     4 |     4 |       |       |       |       ||    23
         Magic Dart        |       |    70 |    88 |   198 |   400 |    71 |       |       |       ||   827
         Blink             |       |       |       |       |     1 |     6 |     4 |     5 |     1 ||    17
         Borgnjor's Vile C |       |       |       |       |       |   132 |   147 |   144 |    56 ||   479
         Leda's Liquefacti |       |       |       |       |       |     8 |    24 |    13 |     9 ||    54
         Stone Arrow       |       |       |       |       |       |   176 |   194 |   133 |     8 ||   511
         Animate Dead      |       |       |       |       |       |    15 |    27 |    28 |    20 ||    90
         Portal Projectile |       |       |       |       |       |     2 |     1 |     4 |     1 ||     8
         Manifold Assault  |       |       |       |       |       |       |   212 |   311 |   225 ||   748
         Passwall          |       |       |       |       |       |       |     2 |       |       ||     2
         Leda's Unmaking   |       |       |       |       |       |       |       |    41 |    62 ||   103
         Apportation       |       |       |       |       |       |       |       |       |     1 ||     1
         Passage of Golubr |       |       |       |       |       |       |       |       |     1 ||     1
 Invoke: Oozemancy         |       |       |     3 |     5 |    10 |     8 |     5 |     4 |       ||    35
         Slimify           |       |       |       |       |     1 |       |       |       |     1 ||     2
Ability: Begin Untransform |       |       |       |       |       |     1 |       |       |       ||     1
  Evoke: Wand              |       |       |     1 |     2 |     4 |     6 |     7 |     1 |     1 ||    22
         Phial of floods   |       |       |       |       |       |     1 |     2 |       |       ||     3
    Use: Scroll            |     2 |     1 |     2 |     3 |     7 |    11 |    11 |     7 |     2 ||    46
         Potion            |       |       |       |       |       |     4 |     3 |     4 |     3 ||    14
   Stab: Sleeping          |     1 |       |       |     1 |     6 |     3 |       |     2 |     1 ||    14
         Confused          |       |       |       |       |    14 |       |       |     4 |    15 ||    33
         Distracted        |       |       |       |       |     2 |     2 |    13 |    10 |     5 ||    32
         Petrified         |       |       |       |       |     1 |       |       |       |       ||     1
         Held in net/web   |       |       |       |       |       |     1 |       |       |       ||     1
 Armour: Robe              |    20 |    36 |    37 |       |       |       |       |       |       ||    93
         Steam dragon scal |       |       |       |   153 |   303 |    31 |   109 |       |       ||   596
         Skin              |       |       |       |       |    31 |   168 |       |       |       ||   199
         Quicksilver drago |       |       |       |       |       |       |     7 |   166 |   109 ||   282
  Dodge: Dodged            |    36 |    51 |    52 |   251 |   699 |   528 |   359 |   339 |   213 ||  2528
  Block: Other             |       |       |       |       |       |    36 |       |       |     2 ||    38
         Kite shield       |       |       |       |       |       |   501 |   783 |   576 |   399 ||  2259
         Reflection        |       |       |       |       |       |     3 |    55 |    19 |     8 ||    85
         Tower shield      |       |       |       |       |       |       |       |    10 |       ||    10
         Form:             |       |       |     1 |     1 |     1 |       |       |       |     2 ||     5
         Maw               |       |       |     1 |     1 |     1 |       |       |       |       ||     3
         Anaconda          |       |       |     1 |       |     1 |       |       |       |       ||     2
         Blade             |       |       |       |       |       |       |       |       |     2 ||     2

Table legend: (Time is in decaauts)
 A = Elapsed time spent in this place.
 B = Non-inter-level travel time spent in this place.
 C = Inter-level travel time spent in this place.
 D = Time resting spent in this place.
 E = Time spent auto-exploring this place.
 F = Levels seen in this place.
 G = Mean time per level.
                   A        B        C        D        E       F      G
               +--------+--------+--------+--------+--------+-----+--------+
         Total |  52573 |  48520 |   4053 |    830 |  32870 |  58 |  906.4 |
       Dungeon |  11181 |  10129 |   1052 |    215 |   7382 |  15 |  745.4 |
          Lair |   5277 |   4680 |    597 |      7 |   3274 |   5 | 1055.4 |
        Shoals |   4043 |   3841 |    202 |      4 |   2577 |   4 | 1010.8 |
   Spider Nest |   3537 |   3258 |    279 |     40 |   2063 |   4 |  884.2 |
    Slime Pits |    589 |    473 |    116 |      0 |    359 |   5 |  117.8 |
  Orcish Mines |   1494 |   1269 |    225 |     47 |    796 |   2 |  747.0 |
   Elven Halls |   3251 |   2945 |    306 |     18 |   1667 |   3 | 1083.7 |
        Vaults |   8001 |   7603 |    398 |     87 |   5155 |   5 | 1600.2 |
        Depths |   6537 |   6145 |    392 |    152 |   4360 |   4 | 1634.2 |
           Zot |   6480 |   5998 |    482 |    214 |   4165 |   5 | 1296.0 |
         Abyss |    671 |    671 |      0 |     46 |    147 |   4 |  167.8 |
      Ice Cave |   1003 |   1003 |      0 |      0 |    691 |   1 | 1003.0 |
      Gauntlet |    504 |    504 |      0 |      0 |    232 |   1 |  504.0 |
               +--------+--------+--------+--------+--------+-----+--------+

Top non-repeatable levels by time:
Vaults:5: 1947 daAuts
Vaults:4: 1904 daAuts
Depths:3: 1904 daAuts
Vaults:1: 1731 daAuts
Depths:4: 1669 daAuts
   Zot:5: 1631 daAuts
Depths:1: 1554 daAuts
Depths:2: 1408 daAuts
   Zot:4: 1385 daAuts
   Elf:1: 1378 daAuts
  Lair:5: 1344 daAuts
   Zot:3: 1343 daAuts
  Lair:1: 1271 daAuts
Vaults:3: 1249 daAuts
    D:10: 1182 daAuts
